 Dungeon Crawl Stone Soup version 0.21.1-1-g345015fe64 (webtiles) character file.

1585 Peloso the Slasher (level 8, -3/70 HPs)
             Began as a Minotaur Fighter on June 7, 2018.
             Was a Believer of Okawaru.
             Slain by a scorpion (8 damage)
             ... on level 5 of the Dungeon.
             The game lasted 00:09:21 (3789 turns).

Peloso the Slasher (Minotaur Fighter)               Turns: 3789, Time: 00:09:21

Health: -3/70      AC: 10    Str: 22    XL:     8   Next: 61%
Magic:  7/7        EV: 10    Int:  5    God:    Okawaru [**....]
Gold:   239        SH: 11    Dex: 11    Spells: 7/7 levels left

rFire    . . .     SeeInvis .   a - +0 long sword
rCold    . . .     Gourm    .   c - +0 shield
rNeg     . . .     Faith    .   b - +0 scale mail
rPois    .         Spirit   .   (helmet restricted)
rElec    .         Reflect  .   p - +0 cloak
rCorr    .         Harm     .   (no gloves)
MR       .....                  l - +0 pair of boots
Stlth    ..........             (no amulet)
HPRegen  0.21/turn              g - ring of flight
MPRegen  0.10/turn              (no ring)

@: lethally poisoned (-3 -> -17)
A: retaliatory headbutt, horns 2
a: Heroism, Renounce Religion, Evoke Flight


You were on level 5 of the Dungeon.
You worshipped Okawaru.
Okawaru was pleased with you.
You were not hungry.

You visited 2 branches of the dungeon, and saw 6 of its levels.

You collected 239 gold pieces.

Inventory:

Hand Weapons
 a - a +0 long sword (weapon)
Armour
 b - a +0 scale mail (worn)
 c - a +0 shield (worn)
 l - a +0 pair of boots (worn)
 p - a +0 cloak (worn)
Jewellery
 g - a ring of flight (left hand)
Wands
 r - a wand of iceblast (1)
Scrolls
 e - 4 scrolls of blinking
 h - 2 scrolls of identify
 i - 5 scrolls of teleportation {unknown}
 j - a scroll of enchant weapon {unknown}
 k - a scroll of fear {unknown}
 n - 7 scrolls of remove curse {unknown}
 u - 3 scrolls of magic mapping {unknown}
 y - a scroll of immolation {unknown}
Potions
 d - a potion of might
 m - a potion of haste
 q - a potion of agility
 s - a potion of flight
 t - a potion of berserk rage
 v - a potion of cancellation
Books
 x - a book of Geomancy

   Spells                             Type                      Level
   a - Sandblast                      Earth                        1
   b - Passwall                       Transmutation/Earth          2
   c - Stone Arrow                    Conjuration/Earth            3
   d - Petrify                        Transmutation/Earth          4
   e - Lee's Rapid Deconstruction     Earth                        5
Comestibles
 f - 10 rations
 o - 4 chunks of flesh


   Skills:
 + Level 6.1 Fighting
 + Level 7.8 Long Blades
 + Level 6.9 Armour
 + Level 3.3 Dodging
 + Level 0.4 Stealth
 + Level 7.1 Shields
 + Level 0.4 Evocations


You had 7 spell levels left.
You didn't know any spells.

Dungeon Overview and Level Annotations

Branches:
Dungeon (5/15)             Temple (1/1) D:4

Altars:
Ashenzari
Elyvilon
Fedhas
Kikubaaqudgha
Makhleb
Nemelex Xobeh
Okawaru
Sif Muna
Trog
Uskayaw
Wu Jian
Xom


Innate Abilities, Weirdness & Mutations

You reflexively headbutt those who attack you in melee.
You have a pair of horns on your head.


Message History

The scorpion stings you but does no damage.
You hit the scorpion but do no damage. Your headbutt misses the scorpion.
The scorpion is moderately wounded.
* * * LOW HITPOINT WARNING * * *
You feel very sick. You block the scorpion's attack.
Unknown command.
You closely miss the scorpion.
The scorpion is moderately wounded.
* * * LOW HITPOINT WARNING * * *
You feel very sick.
The scorpion stings you but does no damage.
The scorpion stings you.
* * * LOW HITPOINT WARNING * * *
You hit the scorpion but do no damage.
The scorpion is moderately wounded.
You feel yourself speed up.
* * * LOW HITPOINT WARNING * * *
You feel sick. The scorpion stings you!
You die...

#.........
#.........
###.......≈.
#.'.†......#
#.'........#
#.#.......≈.
#.#.(.......
#s#.........
#@##........
#.###)...... #.#
#......
#.#####..... #
#.....##.... ##
####...##########.
#............##
#............#.
#............#.


You could see a scorpion.

Vanquished Creatures
  The ghost of strelocc the Covert, a novice OpEn (D:5)
  A hornet (D:5)
  2 phantoms (D:5)
  2 ogres (D:5)
  A scorpion (D:4)
  A howler monkey (D:5)
  2 hounds (D:5)
  2 orc priests
  2 centaur skeletons
  An iguana (D:5)
  5 orc wizards
  A worker ant (D:5)
  A hound skeleton (D:5)
  7 adders
  7 gnolls
  2 oozes
  An adder skeleton (D:4)
  8 worms
  3 leopard geckos (D:5)
  11 orcs
  A bat (D:2)
  15 giant cockroaches
  12 goblins
  8 hobgoblins
  8 jackals
  9 kobolds
  A quokka (D:2)
  3 frilled lizards
  A jackal skeleton (D:4)
  3 rats
122 creatures vanquished.

Notes
Turn   | Place    | Note
-------+----------+-------------------------------------------
     0 | D:1      | Peloso the Minotaur Fighter began the quest for the Orb.
     0 | D:1      | Reached XP level 1. HP: 19/19 MP: 0/0
   389 | D:1      | Reached XP level 2. HP: 27/27 MP: 1/1
   702 | D:2      | Reached XP level 3. HP: 33/33 MP: 2/2
   770 | D:2      | Reached XP level 4. HP: 41/41 MP: 3/3
   815 | D:2      | Found a blossoming altar of Fedhas.
   817 | D:2      | Found an ancient bone altar of Kikubaaqudgha.
  1425 | D:3      | Found a shimmering altar of Xom.
  1453 | D:3      | Reached XP level 5. HP: 46/47 MP: 4/4
  1639 | D:2      | Reached skill level 5 in Fighting
  1960 | D:3      | Reached skill level 5 in Long Blades
  2002 | D:3      | Reached XP level 6. HP: 51/56 MP: 5/5
  2565 | D:4      | Reached skill level 5 in Armour
  2699 | D:4      | Reached skill level 5 in Shields
  2762 | D:4      | Reached skill level 1 in Dodging
  2899 | D:4      | Found a staircase to the Ecumenical Temple.
  2926 | Temple   | Entered the Ecumenical Temple
  2934 | Temple   | Became a worshipper of Warmaster Okawaru
  3169 | D:5      | Entered Level 5 of the Dungeon
  3176 | D:5      | Noticed strelocc's ghost (novice OpEn)
  3177 | D:5      | Reached XP level 7. HP: 61/61 MP: 6/6
  3193 | D:5      | Killed strelocc's ghost
  3193 | D:5      | Reached * piety under Okawaru
  3410 | D:5      | Reached XP level 8. HP: 42/69 MP: 7/7
  3437 | D:5      | Reached ** piety under Okawaru
  3637 | D:5      | Noticed a hornet
  3772 | D:5      | Paralysed by a hornet for 2 turns
  3778 | D:5      | Killed a hornet
  3789 | D:5      | Slain by a scorpion

Skill      XL: |  1  2  3  4  5  6  7  8 |
---------------+-------------------------+-----
Fighting       | 4 5 6 |  6.1
Armour         | 4 5 6 |  6.9
Shields        | 4 5 6 7 |  7.1
Long Blades    | 3 4 5 6 7 |  7.8
Dodging        | 1 2 3 |  3.3
Stealth        | |  0.4
Evocations     | |  0.4

Action                   |  1- 3 |  4- 6 |  7- 9 || total
-------------------------+-------+-------+-------++-------
Melee: Long sword        |    68 |   203 |    98 ||   369
       Headbutt          |    12 |    34 |    24 ||    70
Evoke: Wand              |       |     2 |     2 ||     4
  Use: Scroll            |       |     5 |     3 ||     8
       Potion            |       |     1 |     1 ||     2
  Eat: Chunk             |       |     7 |     3 ||    10
Armor: Scale mail        |    26 |    86 |    50 ||   162
Dodge: Dodged            |    18 |    55 |    42 ||   115
Block: Shield            |    29 |   109 |    57 ||   195
       Rpst.: Long sword |     3 |    20 |    13 ||    36
